 Dungeon Crawl Stone Soup version 0.19.4-8-ga85b6b9 (webtiles) character file.

975 doot the Reanimator (level 7, 0/48 HPs)
             Began as a Vampire Necromancer on Feb 11, 2017.
             Slain by an ogre
             ... wielding a +0 giant spiked club
              (28 damage)
             ... on level 5 of the Dungeon.
             The game lasted 00:32:56 (5589 turns).

doot the Reanimator (Vampire Necromancer)           Turns: 5589, Time: 00:32:56

Health: 0/48       AC:  0    Str:  7    XL:     7   Next: 95%
Magic:  13/13      EV: 21    Int: 19    God:
Gold:   211        SH:  0    Dex: 20    Spells: 5 memorised, 2 levels left

rFire  . . .     SeeInvis +     (weapon currently unavailable)
rCold  + + .     Gourm    .     (armour currently unavailable)
rNeg   + + +     Faith    .     (shield currently unavailable)
rPois  ∞         Spirit   .     (helmet currently unavailable)
rElec  .         Reflect  .     (cloak currently unavailable)
rCorr  .         Harm     .     (gloves currently unavailable)
MR     .....                    (boots currently unavailable)
Stlth  +++++.....               k - amulet of regeneration
                                (ring currently unavailable)
                                (ring currently unavailable)

@: bat-form, flying, bloodless, non-regenerating, very quick
A: fangs 3, see invisible, (unbreathing)
a: End Transformation


You were on level 5 of the Dungeon.
You were bloodless.
You were in vampire-bat-form.
You visited 2 branches of the dungeon, and saw 6 of its levels.

You collected 211 gold pieces.

Inventory:

Hand Weapons
 c - a cursed -3 long sword
 e - a +0 dagger
 m - a +1 flail of protection (melded)
 t - a +0 blowgun
 v - a +2 spear of freezing
 A - a +0 rapier
Missiles
 j - a throwing net (quivered)
 F - 13 poisoned needles
Armour
 a - a +0 robe
 g - a +0 pair of boots (melded)
 n - a +0 ring mail of magic resistance
 C - a +1 animal skin
 D - a +0 helmet (melded)
 E - a +2 leather armour of fire resistance (melded)
Jewellery
 k - an amulet of regeneration (around neck)
Scrolls
 f - 3 scrolls of identify
 i - a scroll of amnesia {unknown}
 p - a scroll of remove curse {unknown}
 w - a scroll of magic mapping {unknown}
 y - a scroll of blinking {unknown}
 z - a scroll of recharging {unknown}
Potions
 d - a potion of invisibility {unknown}
 h - 2 potions of degeneration {unknown}
 l - a potion of cancellation {unknown}
 o - 2 potions of lignification {unknown}
 q - 2 potions of haste {unknown}
 r - a potion of flight {unknown}
 s - 2 potions of brilliance {unknown}
 x - a potion of curing {unknown}
 B - a potion of agility
Books
 b - a book of Necromancy

   Spells                             Type                      Level
   a - Pain                           Necromancy                   1
   b - Animate Skeleton               Necromancy                   1
   c - Vampiric Draining              Necromancy                   3
   d - Regeneration                   Charms/Necromancy            3
   e - Animate Dead                   Necromancy                   4
   f - Control Undead                 Necromancy                   4
 u - a book of Minor Magic

   Spells                             Type                      Level
   a - Magic Dart                     Conjuration                  1
   b - Blink                          Translocation                2
   c - Call Imp                       Summoning                    2
   d - Repel Missiles                 Charms/Air                   2
   e - Slow                           Hexes                        2
   f - Conjure Flame                  Conjuration/Fire             3
   g - Mephitic Cloud                 Conjuration/Poison/Air       3


   Skills:
 + Level 1.4 Fighting
 + Level 0.2 Short Blades
 + Level 2.1 Armour
 + Level 2.8 Dodging
 + Level 4.0 Stealth
 + Level 4.4 Spellcasting
 + Level 0.9 Charms
 * Level 8.5 Necromancy


You had 2 spell levels left.
You knew the following spells:

 Your Spells              Type           Power        Failure   Level  Hunger
a - Pain                  Necr           ####         1%          1    None
b - Animate Skeleton      Necr           N/A          1%          1    None
c - Regeneration          Chrm/Necr      ###.......   8%          3    ###....
d - Vampiric Draining     Necr           #####.....   1%          3    ###....
e - Animate Dead          Necr           N/A          4%          4    ####...


Dungeon Overview and Level Annotations

Branches:
Dungeon (5/15)             Temple (1/1) D:5

Altars:
Ashenzari
Cheibriados
Dithmenos
Elyvilon
Fedhas
Gozag
Hepliaklqana
Makhleb
Nemelex Xobeh
Ru
Sif Muna
Trog
Uskayaw
Vehumet
Xom
Yredelemnul
Zin
The Shining One

Annotations:
D:4 Chiseanne's ghost, amateur DsWz


Innate Abilities, Weirdness & Mutations

You do not heal naturally.
You are immune to poison.
You have razor-sharp teeth.
You have supernaturally acute eyesight. (SInv)
((You can survive without breathing.))


Message History

You hit the ogre but do no damage. Your bite misses the ogre.
The ogre is moderately wounded.
You hit the ogre but do no damage.
The ogre is moderately wounded.
The ogre completely misses you.
You hit the ogre but do no damage.
The ogre is moderately wounded.
You hit the ogre.
The ogre is moderately wounded.
You hit the ogre but do no damage.
The ogre is moderately wounded.
The ogre misses you.
You hit the ogre but do no damage. You bite the ogre.
You draw the ogre's blood!
You feel better.
You feel slightly less thirsty.
The ogre is moderately wounded.
You hit the ogre. You bite the ogre, but do no damage.
The ogre is moderately wounded.
The ogre hits you with a giant spiked club!!
Ouch! That really hurt!
You die...

#.## ##..####.### #.
##.## ##...####.# #.
##.###........... .
##.#..........##
.######..##.#.######
.........##.#.#
########.##.#.#
#O##.#.# #b##.#.#
#..#.#.#
##<#%#.######
#.#.........
#.##..###### #.##.##
#.##..# #.###.# #.#
#.#


You could see an ogre.

Vanquished Creatures
  Grinder (D:4)
  Eustachio (D:4)
  A sky beast (D:5)
  2 phantoms (D:4)
  A crimson imp (D:5)
  An orc priest (D:4)
  A hound (D:4)
  2 worker ants (D:4)
  Robin (D:4)
  4 gnolls (D:2)
  7 adders
  3 oozes
  An adder skeleton (D:4)
  4 worms
  3 dart slugs (D:3)
  3 leopard geckos
  5 orcs (D:4)
  4 giant cockroaches
  15 goblins
  9 hobgoblins
  2 jackals (D:2)
  11 kobolds
  2 quokkas
  9 bats
  4 frilled lizards
  4 rats
101 creatures vanquished.

Vanquished Creatures (collateral kills)
  An adder (D:2)
  An ooze (D:1)
  A dart slug (D:1)
  A hobgoblin (D:4)
  2 jackals (D:2)
  A rat (D:1)
7 creatures vanquished.

Grand Total: 108 creatures vanquished

Notes
Turn   | Place    | Note
-------+----------+-------------------------------------------
     0 | D:1      | doot the Vampire Necromancer began the quest for the Orb.
     0 | D:1      | Reached XP level 1. HP: 13/13 MP: 3/3
    65 | D:1      | Learned a level 1 spell: Animate Skeleton
   195 | D:1      | Reached XP level 2. HP: 12/19 MP: 0/5
   547 | D:1      | Reached skill level 5 in Necromancy
   923 | D:1      | Reached XP level 3. HP: 22/24 MP: 3/6
   928 | D:1      | Learned a level 3 spell: Regeneration
  1538 | D:2      | Reached XP level 4. HP: 27/30 MP: 1/7
  1812 | D:2      | Reached skill level 6 in Necromancy
  2249 | D:3      | Reached XP level 5. HP: 35/36 MP: 5/9
  2260 | D:3      | Learned a level 3 spell: Vampiric Draining
  2362 | D:3      | Found a basalt altar of Yredelemnul.
  2366 | D:3      | Found a hide-covered altar of Uskayaw.
  2911 | D:4      | Noticed Robin
  3020 | D:4      | Noticed a phantom
  3074 | D:4      | Noticed Eustachio
  3079 | D:4      | Noticed Chiseanne's ghost (amateur DsWz)
  3287 | D:4      | Noticed a phantom
  3299 | D:4      | Killed Eustachio
  3299 | D:4      | Reached skill level 1 in Fighting
  3299 | D:4      | Reached skill level 1 in Armour
  3299 | D:4      | Reached skill level 7 in Necromancy
  3299 | D:4      | Reached XP level 6. HP: 40/43 MP: 3/10
  3992 | D:4      | Killed Robin
  3992 | D:4      | Reached XP level 7. HP: 42/48 MP: 3/12
  4021 | D:4      | Learned a level 4 spell: Animate Dead
  4422 | D:4      | Reached skill level 8 in Necromancy
  4440 | D:4      | Noticed Grinder
  4484 | D:4      | Paralysed by Grinder for 3 turns
  4499 | D:4      | Paralysed by Grinder for 6 turns
  4523 | D:4      | Paralysed by Grinder for 4 turns
  4686 | D:4      | Killed Grinder
  4916 | D:5      | Entered Level 5 of the Dungeon
  4970 | D:5      | Found a staircase to the Ecumenical Temple.
  4979 | Temple   | Entered the Ecumenical Temple
  5589 | D:5      | Slain by an ogre

Skill      XL: |  1  2  3  4  5  6  7 |
---------------+----------------------+-----
Necromancy     | 5 6 7 8 |  8.5
Fighting       | 1 |  1.4
Armour         | 1 2 |  2.1
Spellcasting   | 3 4 |  4.4
Stealth        | 4 |  4.0
Short Blades   | |  0.2
Dodging        | |  2.8
Charms         | |  0.9

Action                   |  1- 3 |  4- 6 |  7- 9 || total
-------------------------+-------+-------+-------++-------
Melee: Unarmed           |     6 |     1 |    19 ||    26
       Dagger            |     3 |       |       ||     3
       Flail             |    13 |    96 |   130 ||   239
       Bite              |       |     8 |    14 ||    22
 Cast: Pain              |    56 |    74 |    28 ||   158
       Animate Skeleton  |     9 |    11 |       ||    20
       Regeneration      |       |     3 |    10 ||    13
 Abil: Bat Form          |     1 |     3 |     2 ||     6
       End Transformatio |     1 |     3 |     1 ||     5
  Use: Potion            |       |     3 |       ||     3
       Scroll            |       |       |     1 ||     1
 Stab: Sleeping          |     2 |     1 |     1 ||     4
       Distracted        |     1 |       |     1 ||     2
  Eat: Corpse            |     1 |     5 |     3 ||     9
Armor: Robe              |     4 |     1 |       ||     5
       Ring mail         |    10 |    40 |    44 ||    94
       Leather armour    |       |       |    26 ||    26
Dodge: Dodged            |    16 |    76 |    66 ||   158
